 Dungeon Crawl Stone Soup version 0.22-a0-136-g83a10e5 (webtiles) character file.

11 KristoblXynda the Sneak (level 2, 0/28 HPs)
             Began as a Naga Monk on Feb 2, 2018.
             Slain by a goblin
             ... wielding a +0 club
              (4 damage)
             ... on level 1 of the Dungeon.
             The game lasted 00:02:07 (469 turns).

KristoblXynda the Sneak (Naga Monk)                  Turns: 469, Time: 00:02:07

Health: 0/28       AC:  1    Str: 13    XL:     2   Next: 25%
Magic:  2/2        EV: 10    Int: 10    God:
Gold:   23         SH:  0    Dex: 13    Spells: 1/1 levels left

rFire    . . .     SeeInvis +     - Unarmed
rCold    . . .     Gourm    .   (no shield)
rNeg     . . .     Faith    .   a - +0 robe
rPois    +         Spirit   .   (no helmet)
rElec    .         Reflect  .   (no cloak)
rCorr    .         Harm     .   (no gloves)
MR       .....                  (no barding)
Stlth    ++........             (no amulet)
HPRegen  0.09/turn              (no ring)
MPRegen  0.08/turn              (no ring)

@: short of breath, very slow
A: large, see invisible, deformed body, poison resistance, slowness 2, slow
metabolism 1, spit poison 1, AC +0
a: Spit Poison


You were on level 1 of the Dungeon.
You were not hungry.

You visited 1 branch of the dungeon, and saw 1 of its levels.

You collected 23 gold pieces.

Inventory:

Missiles
 g - a throwing net (quivered)
Armour
 a - a +0 robe (worn)
 f - a +0 ring mail
Scrolls
 e - a scroll of teleportation {unknown}
Potions
 c - a potion of flight {unknown}
 d - a potion of magic {unknown}
Comestibles
 b - 2 rations


   Skills:
 + Level 3.1 Fighting
 + Level 2.5 Dodging
 + Level 3.4 Stealth
 + Level 3.1 Unarmed Combat


You had one spell level left.
You didn't know any spells.

Dungeon Overview and Level Annotations

Branches:
Dungeon (1/15)

Altars:


Innate Abilities, Weirdness & Mutations

You cannot wear boots.
Your serpentine skin is tough. (AC +0)
You have supernaturally acute eyesight. (SInv)
Armour fits poorly on your strangely shaped body.
Your system is resistant to poisons. (rPois)
You cover ground very slowly.
You have a slow metabolism.
You can spit poison.


Message History

The goblin is heavily wounded.
The goblin misses you. The goblin closely misses you.
You hit the goblin.
You kill the goblin!
The goblin hits you but does no damage. The goblin hits you with a club.
You see here 19 gold pieces.
You hit the goblin but do no damage. The goblin hits you with a club.
You barely miss the goblin. The goblin hits you with a club.
* * * LOW HITPOINT WARNING * * *
You barely miss the goblin. The goblin hits you with a club.
* * * LOW HITPOINT WARNING * * *
You completely miss the goblin.
Unknown command.
Press: ? - help, Shift-Dir - straight line, f - goblin
Aim: a goblin, wielding a club The splash of poison misses the goblin.
You feel slightly more hungry. The goblin closely misses you.
The goblin hits you with a club.
You die...

## ### .. ###########
#). .#####.........# #..
.....#.........# #..
....+.........###.. #
#..#..............
..##.##..####...........
.......g.............#..
...#.##@....##......###.
#.#...##.......#..
.........##..........
.....#..###...#..>#..
.......#.# #..###.###.
#........# #...#...#<.
#..%..#### #.......)..
####### #.......#..
#......###.


You could see a goblin.

Vanquished Creatures
  A dart slug (D:1)
  2 goblins (D:1)
  2 jackals (D:1)
  2 frilled lizards (D:1)
  A kobold (D:1)
  A rat (D:1)
9 creatures vanquished.

Notes
Turn   | Place    | Note
-------+----------+-------------------------------------------
     0 | D:1      | KristoblXynda the Naga Monk began the quest for the Orb.
     0 | D:1      | Reached XP level 1. HP: 21/21 MP: 1/1
   169 | D:1      | Reached XP level 2. HP: 28/28 MP: 2/2
   469 | D:1      | Slain by a goblin

Vault maps used:
D:1:      minmay_arrival_five_plusses, hangedman_abyss_or_decor_lesser_grid

Action                   || total
-------------------------++-------
Melee: Unarmed           ||    30
 Abil: Spit Poison       ||     3
Armor: Robe              ||     2
Dodge: Dodged            ||    17

Table legend:
 A = Spawn XP
 B = Non-spawn XP
 C = Spawn XP percentage of total XP
 D = Spawn monster count
 E = Non-spawn monster count
 F = Spawn count percentage of total count
 G = Total turns spent on level
                    A         B        C        D         E        F      G
               +---------+---------+-------+---------+---------+-------+---------
         Total |       0 |      16 |   0.0 |       0 |       9 |   0.0 |   469
               +---------+---------+-------+---------+---------+-------+---------
           D:1 |       0 |      16 |   0.0 |       0 |       9 |   0.0 |   469
               +---------+---------+-------+---------+---------+-------+---------
